 Dungeon Crawl Stone Soup version 0.21-a0-400-g417d9d2 (webtiles) character file.

12595 theanonym the Covert (level 11, -3/56 HPs)
             Began as a Spriggan Enchanter on Oct 20, 2017.
             Was an Elder of Dithmenos.
             Killed from afar by a molten gargoyle (18 damage)
             ... with a bolt of magma
             ... in a volcano.
             The game lasted 01:01:28 (12570 turns).

theanonym the Covert (Spriggan Enchanter)          Turns: 12570, Time: 01:01:29

Health: -3/56      AC:  6    Str:  4    XL:     11   Next: 64%
Magic:  5/30       EV: 26    Int: 16    God:    Dithmenos [****..]
Gold:   424        SH:  0    Dex: 21    Spells: 13/22 levels left

rFire    + . .     SeeInvis +   y - +2 dagger (drain)
rCold    . . .     Gourm    .   (shield restricted)
rNeg     . . .     Faith    .   S - +0 troll leather armour
rPois    .         Spirit   .   f - +2 hat
rElec    .         Reflect  .   (no cloak)
rCorr    .         Harm     .   (gloves unavailable)
MR       +....                  (boots unavailable)
Stlth    +++++++++.             x - amulet of magic regeneration
HPRegen  0.58/turn              O - ring of protection from fire
MPRegen  0.47/turn              H - ring of magical power

@: very slightly contaminated, wreathed by umbra, very quick
A: unfitting armour, see invisible, herbivore 3, speed 3, slow metabolism 2
a: Shadow Step, Renounce Religion


You were in a volcano.
You worshipped Dithmenos.
Dithmenos was greatly pleased with you.
You were not hungry.

You visited 2 branches of the dungeon, and saw 11 of its levels.
You also visited: Sewer and Volcano.

You collected 424 gold pieces.

Inventory:

Hand Weapons
 y - a +2 dagger of draining (weapon)
   (You took it off Dowan on level 4 of the Dungeon)
 A - a +1 dagger of holy wrath
   (You found it on level 5 of the Dungeon)
 K - a +0 short sword
   (You took it off a big kobold on level 7 of the Dungeon)
Missiles
 p - a throwing net (quivered)
Armour
 f - a +2 hat (worn)
   (You found it on level 1 of the Dungeon)
 k - a +2 buckler of protection
   (You found it on level 1 of the Dungeon)
 S - a +0 troll leather armour (worn)
   (You found it on level 10 of the Dungeon)
Jewellery
 h - a +2 ring of dexterity
   (You found it on level 1 of the Dungeon)
 o - an uncursed ring of poison resistance
   (You found it on level 3 of the Dungeon)
 r - a +5 ring of strength {unknown}
   (You found it on level 1 of the Lair of Beasts)
 x - an amulet of magic regeneration (around neck)
   (You found it on level 2 of the Dungeon)
 D - a +2 amulet of reflection
   (You found it on level 6 of the Dungeon)
 F - an uncursed ring of flight
   (You found it on level 7 of the Dungeon)
 H - a ring of magical power (right hand)
   (You found it on level 6 of the Dungeon)
 O - a ring of protection from fire (left hand)
   (You found it on level 8 of the Dungeon)
Wands
 v - a wand of polymorph (11/24)
   (You found it on level 5 of the Dungeon)
 B - a wand of digging (1/24)
   (You found it on level 5 of the Dungeon)
 E - a wand of acid (4/15)
   (You found it on level 7 of the Dungeon)
 N - a wand of lightning (8/15)
   (You found it on level 8 of the Dungeon)
Scrolls
 d - a scroll of fog {!r}
 l - 2 scrolls of teleportation
 n - 3 scrolls of magic mapping
 s - 6 scrolls of remove curse
 z - 3 scrolls of blinking
 C - a scroll of summoning {unknown}
 I - 3 scrolls of recharging
 L - a scroll of vulnerability {unknown}
 P - 2 scrolls of enchant weapon {unknown}
Potions
 a - 2 potions of agility {unknown}
 e - 5 potions of curing
 g - 2 potions of degeneration
 i - 4 potions of heal wounds
 j - a potion of invisibility {unknown}
 m - 3 potions of flight
 q - 3 potions of haste {unknown}
 t - 2 potions of might
 w - 4 potions of lignification {unknown}
 G - 2 potions of cancellation {unknown}
Books
 b - a book of Conjurations
   (You found it on level 10 of the Dungeon)

   Spells                             Type                      Level
   a - Magic Dart                     Conjuration                  1
   b - Searing Ray                    Conjuration                  2
   c - Dazzling Spray                 Conjuration/Hexes            3
   d - Fulminant Prism                Conjuration/Hexes            4
   e - Force Lance                    Conjuration/Translocation    4
   f - Iskenderun's Mystic Blast      Conjuration                  4
 c - a book of Maledictions

   Spells                             Type                      Level
   a - Corona                         Hexes                        1
   b - Ensorcelled Hibernation        Hexes/Ice                    2
   c - Confuse                        Hexes                        3
   d - Tukima's Dance                 Hexes                        3
   e - Dazzling Spray                 Conjuration/Hexes            3
 R - a book of Cantrips
   (You found it on level 9 of the Dungeon)

   Spells                             Type                      Level
   a - Confusing Touch                Hexes                        1
   b - Animate Skeleton               Necromancy                   1
   c - Summon Small Mammal            Summoning                    1
   d - Apportation                    Translocation                1
Comestibles
 u - 12 royal jellies
 J - 10 fruits
 M - 3 bread rations


   Skills:
 - Level 6.1 Fighting
 - Level 10.0 Short Blades
 + Level 11.0 Dodging
 + Level 13.9 Stealth
 - Level 6.0 Spellcasting
 - Level 10.0 Hexes


You had 13 spell levels left.
You knew the following spells:

 Your Spells              Type           Power        Failure   Level  Hunger
a - Corona                Hex            #####..      1%          1    None
b - Confuse               Hex            #####...     1%          3    ##.....
c - Tukima's Dance        Hex            #####...     1%          3    ##.....
d - Ensorcelled Hibernat  Hex/Ice        ###...       4%          2    #......


Dungeon Overview and Level Annotations

Branches:
Dungeon (10/15)            Temple (0/1) D:4            Lair (1/6) D:10
    Orc (0/2) D:10

Altars:
Ashenzari
Dithmenos
Elyvilon
Fedhas
Gozag
Kikubaaqudgha
Nemelex Xobeh
Okawaru
Ru
Sif Muna
Trog
Wu Jian
Xom
The Shining One

Shops:
D:10 [


Innate Abilities, Weirdness & Mutations

You are very small and have problems with some larger weapons.
You are too small for most types of armour.
You have supernaturally acute eyesight. (SInv)
You are a herbivore.
You cover ground extremely quickly.
You need consume almost no food.


Message History

Your shadow mimicks your spell!
The lindwurm is unaffected.
A molten gargoyle comes into view. It is wielding a flail.
You now have 18/30 mp.
The helpless lindwurm fails to defend itself.
You spit the lindwurm like a pig!!!!
You kill the lindwurm!
Dithmenos accepts your kill.
Dithmenos appreciates your extinguishing a source of fire.
Aim: a steam dragon (lightly wounded, lightly drained, umbra, chance to defeat MR: 54%)
The steam dragon looks drowsy...
The molten gargoyle moves out of view.
You now have 16/30 mp.
You closely miss the molten gargoyle.
The steam dragon hisses angrily.
The steam dragon breathes steam at you. The ball of steam hits you! You resist.
You take 4 damage, and have 52/56 hp.
Unknown command.
Aim: a molten gargoyle, wielding a mace (umbra, chance to defeat MR: 29%)
The molten gargoyle easily resists.
* * * LOW MAGIC WARNING * * *
The molten gargoyle blasts magma at you!
The bolt of magma hits you! You partially resist.
The steam dragon breathes steam at you. The ball of steam hits you! You resist.
You take 22 damage, and have 30/56 hp.
MASSIVE DAMAGE!!
You now have 14/30 mp.
Unknown command.
Aim: a molten gargoyle, wielding a mace (steam, umbra, chance to defeat MR: 40%)
The mace dances into the air!
* * * LOW MAGIC WARNING * * *
The molten gargoyle completely misses you.
You now have 11/30 mp.
You hit the molten gargoyle but do no damage.
Aim: a steam dragon (lightly wounded, lightly drained, umbra, chance to defeat MR: 68%)
The steam dragon struggles to resist.
* * * LOW MAGIC WARNING * * *
The molten gargoyle misses you. The steam dragon closely misses you.
The steam dragon completely misses you.
Your mace hits the molten gargoyle but does no damage.
You now have 9/30 mp.
The steam dragon appears confused.
* * * LOW MAGIC WARNING * * *
The molten gargoyle blasts magma at you!
The bolt of magma misses you.
A fire bat comes into view.
You now have 7/30 mp.
You hit the steam dragon but do no damage.
You drain the steam dragon! The molten gargoyle misses you.
Your mace hits the molten gargoyle but does no damage.
The steam dragon closely misses something.
The steam dragon barely misses something.
You catch the helpless steam dragon completely off-guard!
You spit the steam dragon like a pig!!!
You kill the steam dragon!
Dithmenos accepts your kill. The fire bat barely misses you.
Aim: a fire bat (umbra, chance to defeat MR: 59%)
The fire bat looks drowsy...
* * * LOW MAGIC WARNING * * *
The molten gargoyle hits you but does no damage.
Your mace hits the molten gargoyle.
A fire bat comes into view.
You now have 6/30 mp.
The helpless fire bat fails to defend itself.
You spit the fire bat like a pig!!!!
You kill the fire bat!
Dithmenos accepts your kill.
Dithmenos appreciates your extinguishing a source of fire.
Your Dodging skill increases to level 11!
The molten gargoyle hits you!
* * * LOW HITPOINT WARNING * * *
You are engulfed in flames.
You resist.
* * * LOW HITPOINT WARNING * * *
The fire bat closely misses you.
You take 21 damage, and have 12/56 hp.
MASSIVE DAMAGE!!
Okay, then.
Okay, then.
Unknown command.
Okay, then.
Okay, then.
The molten gargoyle hits your mace! The fire bat misses you.
Aim: a fire bat (umbra, chance to defeat MR: 72%)
The fire bat appears confused.
* * * LOW MAGIC WARNING * * *
The fire bat misses you.
The molten gargoyle blasts magma at you!
The bolt of magma misses you.
You now have 4/30 mp.
You hit the fire bat. You drain the fire bat!
Your shadow hits the fire bat with a dagger.
Aim: a molten gargoyle (lightly damaged, umbra, chance to defeat MR: 29%)
Okay, then.
Unknown command.
You open the door.
The molten gargoyle blasts magma at you!
The bolt of magma hits you! You partially resist.
You die...

#.. ###8_
.... #..
###†###
#...9.#
#..∩9.#
#.....#
##.b@##
##'## #.#
##.## .
#8.8#
...##...#
≈≈......###
≈≈≈.......#
≈≈≈§≈§.....#


You could see 2 molten gargoyles and a fire bat (confused).

Vanquished Creatures
  Fannar (D:10)
  A hydra (D:10)
  A two-headed ogre (D:10)
  An unseen horror (D:10)
  A lindwurm (Volcano)
  2 centaur zombies (D:10)
  A komodo dragon (Lair:1)
  4 trolls
  A hornet (D:10)
  A hippogriff (D:7)
  4 yaks (D:10)
  A basilisk (Lair:1)
  4 fire bats (Volcano)
  2 steam dragons
  Menkaure (D:6)
  3 wargs (D:10)
  A water moccasin (D:6)
  A soldier ant (D:10)
  Edmund (D:4)
  Duvessa (D:4)
  A porcupine (Lair:1)
  A hell hound (Volcano)
  An orc warrior (D:10)
  2 sky beasts
  4 ogres
  3 ice beasts
  3 phantoms
  A necrophage (D:7)
  3 centaurs
  A crocodile (D:10)
  3 big kobolds
  8 bullfrogs
  3 gnoll sergeants (D:9)
  Dowan (D:4)
  A scorpion (D:5)
  A howler monkey (D:5)
  4 wights (D:8)
  3 crimson imps
  A lava snake (Volcano)
  5 orc priests
  8 hounds
  4 centaur skeletons
  A bullfrog skeleton (D:5)
  4 jellies
  7 orc wizards
  Terence (D:3)
  3 iguanas
  9 worker ants
  A hound zombie (D:9)
  3 hound skeletons
  A howler monkey skeleton (D:10)
  18 adders
  9 gnolls
  3 river rats (Sewer)
  4 shadow imps (D:8)
  An ooze (D:6)
  An adder skeleton (D:9)
  5 worms
  2 dart slugs
  6 leopard geckos
  29 orcs
  9 bats
  7 giant cockroaches
  5 hobgoblins
  6 jackals
  16 kobolds
  7 quokkas
  2 ball pythons
  5 frilled lizards
  7 goblins
  A jackal skeleton (D:7)
  A leopard gecko skeleton (D:7)
  A leopard gecko zombie (D:7)
  7 rats
277 creatures vanquished.

Vanquished Creatures (collateral kills)
  An ogre (D:5)
  An orc (D:5)
2 creatures vanquished.

Vanquished Creatures (others)
  A dancing weapon (Volcano)
  A gnoll (D:8)
  4 toadstools (D:1)
6 creatures vanquished.

Grand Total: 285 creatures vanquished

Notes
Turn   | Place    | Note
-------+----------+-------------------------------------------
     0 | D:1      | theanonym the Spriggan Enchanter began the quest for the Orb.
     0 | D:1      | Reached XP level 1. HP: 9/9 MP: 5/5
   867 | D:1      | Reached XP level 2. HP: 14/14 MP: 6/6
  1458 | D:2      | Reached skill level 3 in Spellcasting
  1500 | D:2      | Found a shadowy altar of Dithmenos.
  1523 | D:2      | Reached XP level 3. HP: 12/17 MP: 6/8
  1622 | D:2      | Found a deep blue altar of Sif Muna.
  1623 | D:2      | Found a bloodstained altar of Trog.
  1623 | D:2      | Found a shattered altar of Ashenzari.
  1628 | D:2      | Became a worshipper of Dithmenos the Shadowed
  2035 | D:1      | Learned a level 3 spell: Confuse
  2119 | D:2      | Reached skill level 5 in Stealth
  2458 | D:2      | Reached skill level 1 in Fighting
  2458 | D:2      | Reached skill level 2 in Short Blades
  2589 | D:2      | Reached skill level 4 in Hexes
  2589 | D:2      | Reached XP level 4. HP: 22/22 MP: 9/9
  2816 | D:2      | Learned a level 3 spell: Tukima's Dance
  2819 | D:2      | Learned a level 2 spell: Ensorcelled Hibernation
  3001 | D:3      | Found an ancient bone altar of Kikubaaqudgha.
  3206 | D:3      | Reached skill level 4 in Dodging
  3264 | D:3      | Found a glowing drain.
  3337 | D:3      | HP: 2/22 [poisoned by an adder]
  3344 | D:3      | HP: 1/22 [poisoned by an adder]
  3784 | Sewer    | Entered a sewer
  3800 | Sewer    | Reached XP level 5. HP: 16/25 MP: 2/11
  3816 | Sewer    | Reached * piety under Dithmenos
  4188 | Sewer    | Found a white marble altar of Elyvilon.
  4252 | D:3      | Reached skill level 4 in Spellcasting
  4309 | D:3      | Found an iron altar of Okawaru.
  4310 | D:3      | Noticed Terence
  4379 | D:3      | Killed Terence
  4379 | D:3      | Reached skill level 6 in Stealth
  4379 | D:3      | Reached XP level 6. HP: 17/30 MP: 9/13
  5453 | D:4      | Reached skill level 3 in Short Blades
  5524 | D:4      | Noticed an ice beast
  5531 | D:4      | Killed an ice beast
  5531 | D:4      | Reached ** piety under Dithmenos
  5531 | D:4      | Reached skill level 2 in Fighting
  5531 | D:4      | Reached skill level 5 in Dodging
  5694 | D:4      | Noticed Edmund
  5709 | D:4      | Killed Edmund
  5709 | D:4      | Reached skill level 5 in Hexes
  5709 | D:4      | Reached XP level 7. HP: 28/35 MP: 11/15
  5815 | D:4      | Noticed Duvessa
  5973 | D:4      | theanonym: ??spen
  5973 | D:4      | beem: hyperbolic[1/4]: My 0.20 SpEn guide: SKILLS: Approximate goals are as follows: 1) 5 Short Blades, 8 Stealth. 2) 4 Spellcasting, 8 Hexes. 3) 3 Fighting, 8 Dodging. 4) 8 Short Blades, 12 Stealth. 5) 6 Fighting/Spellcasting, 10 Short Blades/Hexes, 15 Dodging/Stealth. 6) 10 Fighting, 27 Stealth, and whatever spell skills you want.
  5980 | D:4      | Found a staircase to the Ecumenical Temple.
  6195 | D:4      | Noticed Dowan
  6249 | D:5      | Entered Level 5 of the Dungeon
  6300 | D:5      | Reached skill level 4 in Short Blades
  6706 | D:4      | Killed Duvessa
  6706 | D:4      | Reached skill level 5 in Short Blades
  6712 | D:4      | Killed Dowan
  6712 | D:4      | Reached skill level 7 in Stealth
  6955 | D:5      | Reached skill level 8 in Stealth
  7215 | D:5      | Reached XP level 8. HP: 32/39 MP: 9/16
  7289 | D:5      | Reached skill level 6 in Hexes
  7428 | D:5      | Found a sacrificial altar of Ru.
  7453 | D:5      | theanonym: ??spen[2
  7453 | D:5      | beem: hyperbolic[2/4]: SPELLS: Use Ensorcelled Hibernation when possible. Use Confuse against rC+ monsters or if you want a higher success chance. Other starting spells are decent but unnecessary. Invisibility is the best spell in the game if you find it. Other good spells include Deflect Missiles, Dispel Undead, Apportation, Blink, Passage of Golubria, Controlled Blink.
  7453 | D:5      | theanonym: ??spen[3
  7453 | D:5      | beem: hyperbolic[3/4]: GODS: Ideally you want a god who helps with hard-to-stab monsters. Some good choices: Kiku (pain melee, zombies), Dith (shadow step, shadow form), Jiyva (slimify), Lugonu (corruption, disto melee), Makhleb (greater demons), Ashenzari/Vehumet (conjurations).
  7453 | D:5      | theanonym: ??spen[4
  7453 | D:5      | beem: hyperbolic[4/4]: WEAPONS: Use short blades, stab high-HP monsters with a dagger. For regular melee, early on look for elec, draining, or venom weapons. Later look for a quick blade and/or pain brand a weapon with Kiku. Distortion is nice also. If you can't find a quick blade and want better melee, demon whips are reasonable. Oh, and get a buckler. STATS: Raise Int or Dex.
  7523 | D:5      | Reached skill level 7 in Hexes
  7815 | D:6      | Reached skill level 8 in Hexes
  7826 | D:6      | Found an ornate altar of the Wu Jian Council.
  7861 | D:6      | Reached skill level 3 in Fighting
  8027 | D:6      | Reached skill level 6 in Dodging
  8054 | D:6      | Reached skill level 7 in Dodging
  8224 | D:6      | Reached *** piety under Dithmenos
  8325 | D:6      | Noticed Menkaure
  8330 | D:6      | Killed Menkaure
  8330 | D:6      | Reached skill level 8 in Dodging
  8330 | D:6      | Reached XP level 9. HP: 44/44 MP: 17/17
  8482 | D:7      | Found a sparkling altar of Nemelex Xobeh.
  8587 | D:7      | Reached skill level 6 in Short Blades
  8670 | D:7      | Reached skill level 7 in Short Blades
  8892 | D:7      | Reached skill level 8 in Short Blades
  9224 | D:8      | Reached skill level 9 in Short Blades
  9643 | D:8      | Reached skill level 10 in Short Blades
  9645 | D:8      | Found a blossoming altar of Fedhas.
  9651 | D:8      | Found a white marble altar of Elyvilon.
  9655 | D:8      | Found an opulent altar of Gozag.
  9831 | D:8      | Reached skill level 9 in Stealth
 10201 | D:9      | Reached XP level 10. HP: 49/49 MP: 14/18
 10203 | D:9      | Reached **** piety under Dithmenos
 10282 | D:9      | Reached skill level 10 in Stealth
 10318 | D:8      | Reached skill level 11 in Stealth
 10722 | D:9      | Found a shimmering altar of Xom.
 10723 | D:9      | Found a shimmering altar of Xom.
 10725 | D:9      | Found a shimmering altar of Xom.
 10790 | D:9      | Reached skill level 12 in Stealth
 10906 | D:10     | Entered Level 10 of the Dungeon
 10951 | D:10     | Reached skill level 5 in Spellcasting
 11288 | D:10     | Found Xuzekkea's Armour Emporium.
 11312 | D:10     | Reached skill level 4 in Fighting
 11312 | D:10     | Reached skill level 6 in Spellcasting
 11341 | D:10     | Noticed Fannar
 11385 | D:10     | DEFE: Скрытный
 11470 | D:10     | Found a staircase to the Orcish Mines.
 11470 | D:10     | Noticed an unseen horror
 11479 | D:10     | Killed an unseen horror
 11479 | D:10     | Reached skill level 5 in Fighting
 11507 | D:10     | Noticed a six-headed hydra
 11508 | D:10     | DEFE: Если умрешь попробуй поиграть спригганом-стаббером в 16оу версию.
 11513 | D:10     | Noticed a two-headed ogre
 11516 | D:10     | Killed a two-headed ogre
 11516 | D:10     | Reached skill level 6 in Fighting
 11516 | D:10     | theanonym: Да смысл к старым возвращаться
 11552 | D:10     | DEFE: там много чего есть чего нет в новых
 11589 | D:10     | DEFE: это кравл, тут из версии в версию вырезают фишки, а не добавляют
 11596 | D:10     | Killed a six-headed hydra
 11596 | D:10     | Reached skill level 9 in Hexes
 11596 | D:10     | Reached XP level 11. HP: 53/56 MP: 21/21
 11598 | D:10     | DEFE: Конекретно в 16оу другие правила стаббинга, а главное есть СИНГА
 11598 | D:10     | theanonym: Спелл какой-то?
 11598 | D:10     | DEFE: ??singularity
 11598 | D:10     | beem: singularity[1/1]: Level 9 Translocations. Places a monster like Fulminant Prism that draws creatures that are within its radius closer to itself, pulls harder the closer they are, and deals damage to creatures that are sufficiently close. Lasts ~6-8 turns, dependent on power. Doesn't warp allies. Removed in 0.17.
 11598 | D:10     | DEFE: Да
 11640 | D:10     | DEFE: девятка тлоков
 11650 | D:10     | DEFE: вообще тлоки очень сильно порезали
 11655 | D:10     | DEFE: убрали сингу
 11664 | D:10     | DEFE: фейз шифт
 11781 | D:10     | Found a glowing golden altar of the Shining One.
 11783 | D:10     | DEFE: rjynhjkktl ntktgjhn
 11783 | D:10     | DEFE: контрол телепорт
 11783 | D:10     | theanonym: Сложно
 11783 | D:10     | DEFE: в итоге остались два блинка и тентаклия из нормальных спеллов
 11783 | D:10     | theanonym: От толпы можно как-то защититься?
 11783 | D:10     | theanonym: Хексами
 11783 | D:10     | DEFE: инвиз
 11783 | D:10     | theanonym: А, дискорд
 11786 | D:10     | DEFE: дискорд это больше к атаке
 11789 | D:10     | DEFE: раньше еще масс-конфуз был
 11793 | D:10     | DEFE: но тоже вырезали
 11795 | D:10     | Reached skill level 10 in Hexes
 11795 | D:10     | DEFE: ??mass_confuse
 11795 | D:10     | beem: I don't have a page labeled mass_confuse in my learndb.
 11878 | D:10     | Found a staircase to the Lair.
 11898 | D:10     | DEFE: ??mass_confusion
 11898 | D:10     | beem: mass confusion[1/2]: Level 6 Hexes. Tries to confuse all monsters in LOS. Unlike Alistairs, it works on the undead, poison resistant, and pretty much everyone else - but checks MR. Removed in 0.18.
 11904 | D:10     | Killed Fannar
 11904 | D:10     | Reached skill level 9 in Dodging
 11917 | D:10     | theanonym: Смысл удалять?
 11917 | D:10     | theanonym: Так легко было 15 рун взять хексером?
 11917 | D:10     | DEFE: Такая политика разрабов
 12238 | D:10     | Reached skill level 13 in Stealth
 12362 | Lair:1   | Entered Level 1 of the Lair of Beasts
 12380 | Lair:1   | DEFE: не
 12382 | Lair:1   | Reached skill level 10 in Dodging
 12389 | Lair:1   | DEFE: хексеры вспегда не очень были
 12398 | Lair:1   | DEFE: на 15 рунах
 12452 | Lair:1   | Found a dark tunnel.
 12459 | Volcano  | Entered a volcano
 12536 | Volcano  | Found a burning altar of Makhleb.
 12536 | Volcano  | Noticed a lindwurm
 12553 | Volcano  | Killed a lindwurm
 12564 | Volcano  | Reached skill level 11 in Dodging
 12570 | Volcano  | Killed from afar by a molten gargoyle

Vault maps used:
D:1:      ldierk_walled_garden_2, minmay_misc_feat_cross
D:2:      grunt_temple_overflow_open, kennysheep_generic_room_16
D:3:      lemuel_doored_altar, overflow_temple_1_default, gup_sewer_entry_glass,
          first_bread, uniq_terence
D:4:      minmay_temple_entry_nine_rooms, uniq_duvessa, uniq_edmund
D:5:      nicolae_ru_awakened_eye, eino_small_chamber_without_monster
D:6:      nicolae_overflow_crystal_walls, uniq_menkaure
D:7:      marbit_many_paths
D:8:      minitemple, kennysheep_generic_room_14
D:9:      serial_gnoll_camp, gnoll_camp_mini_hut, gnoll_camp_mini_basic,
          gnoll_camp_mini_hut, gnoll_camp_mini_hut, xom_redecorated
D:10:     hangedman_cross_stitches, erik_lair_orcish_takeover, serial_shops,
          kennysheep_mini_moat, serial_glass, glass_columns_a, glass_columns_a,
          hangedman_pestilent_swarm, statue_in_the_mist_lemuel, tso_metal_star,
          uniq_fannar
Lair:1:   enter_volcano_4
Sewer:    sewer_kobolds
Volcano:  volcano_grotto

Skill      XL: |  1  2  3  4  5  6  7  8  9 10 11 |
---------------+----------------------------------+-----
Spellcasting   | 3 4 6 |  6.0
Stealth        | 5 6 8 9 12 13 | 13.9
Fighting       | 1 2 3 6 |  6.1
Short Blades   | 2 3 5 10 | 10.0
Hexes          | 4 5 8 9 10 | 10.0
Dodging        | 4 5 8 11 | 11.0

Action                   |  1- 3 |  4- 6 |  7- 9 | 10-12 || total
-------------------------+-------+-------+-------+-------++-------
Melee: Dagger            |   190 |   306 |   384 |   334 ||  1214
 Cast: Corona            |     9 |     4 |       |     2 ||    15
       Confuse           |     8 |    22 |    44 |    35 ||   109
       Ensorcelled Hiber |       |    16 |    25 |    70 ||   111
       Tukima's Dance    |       |     2 |     6 |     3 ||    11
Invok: Shadow Step       |       |       |     1 |     6 ||     7
  Use: Scroll            |     3 |     8 |     4 |     4 ||    19
       Potion            |       |     2 |       |       ||     2
 Stab: Sleeping          |    13 |    15 |    41 |    39 ||   108
       Confused          |     3 |    15 |    22 |    12 ||    52
       Distracted        |     1 |     1 |     6 |     4 ||    12
       Fleeing           |       |       |       |     1 ||     1
  Eat: Bread ration      |       |     2 |     1 |     1 ||     4
Armor: Robe              |    33 |    20 |    12 |     8 ||    73
       Troll leather arm |       |       |       |    10 ||    10
Dodge: Dodged            |   190 |   254 |   313 |   289 ||  1046

Table legend:
 A = Spawn XP
 B = Non-spawn XP
 C = Spawn XP percentage of total XP
 D = Spawn monster count
 E = Non-spawn monster count
 F = Spawn count percentage of total count
 G = Total turns spent on level
                    A         B        C        D         E        F      G
               +---------+---------+-------+---------+---------+-------+---------
         Total |       0 |   17994 |   0.0 |       0 |     280 |   0.0 | 12570
               +---------+---------+-------+---------+---------+-------+---------
           D:1 |       0 |      23 |   0.0 |       0 |      16 |   0.0 |  1566
           D:2 |       0 |      86 |   0.0 |       0 |      25 |   0.0 |  1621
           D:3 |       0 |     225 |   0.0 |       0 |      36 |   0.0 |  1800
           D:4 |       0 |     596 |   0.0 |       0 |      14 |   0.0 |  1378
           D:5 |       0 |     793 |   0.0 |       0 |      27 |   0.0 |   996
           D:6 |       0 |     936 |   0.0 |       0 |      13 |   0.0 |   638
           D:7 |       0 |    1255 |   0.0 |       0 |      24 |   0.0 |   578
           D:8 |       0 |    1592 |   0.0 |       0 |      27 |   0.0 |  1105
           D:9 |       0 |    1440 |   0.0 |       0 |      28 |   0.0 |   818
          D:10 |       0 |    8372 |   0.0 |       0 |      49 |   0.0 |  1410
        Lair:1 |       0 |     737 |   0.0 |       0 |       3 |   0.0 |    97
         Sewer |       0 |     152 |   0.0 |       0 |      10 |   0.0 |   452
       Volcano |       0 |    1787 |   0.0 |       0 |       8 |   0.0 |   111
               +---------+---------+-------+---------+---------+-------+---------
